Map: 골든 월 - 래더

Players

Bunny

  • Race: Terran Terran
  • Spawn Location: 7:00

Lambo - Winner!

  • Race: Zerg Zerg
  • Spawn Location: 5:00

Event: StayAtHomestory Cup #2

VOD

Have the link to the VOD?

Description

Time

  • Played on: June 11, 2020, 8:17 a.m.
  • Length: 13:17

All games in this series

Show
View Real Time Build Order
Export as new Build Order

Bunny Terran 

Build Orders:  

Get SALT Encoding   

  12  0:00  SCV  
  13  0:13  SCV  
  14  0:18  Supply Depot  
  14  0:25  SCV  
  15  0:39  Barracks  
  15  0:51  Barracks  
  15  0:53  SCV  
  16  1:05  SCV  
  16  1:06  Refinery  
  17  1:17  SCV  
  18  1:27  Marine  
  18  1:29  Orbital Command  
  19  1:39  Marine  
  20  1:42  Supply Depot  
  20  1:46  Marine  
  21  1:57  Marine  
  22  2:02  SCV  
  22  2:04  Marine  
  24  2:10  Bunker  
  24  2:15  Marine  
  24  2:21  Bunker  
  24  2:22  Marine  
  25  2:34  SCV  
  25  2:36  Marine  
  23  2:40  Marine  
  22  2:48  SCV  
  22  2:50  Factory  
  20  2:59  Marine  
  20  3:00  Marine  
  20  3:01  SCV  
  21  3:14  Command Center  
  21  3:16  SCV  
  22  3:28  SCV  
  21  3:37  Starport  
  21  3:40  SCV  
  21  3:41  Hellion  
  24  3:52  SCV  
  25  3:58  Command Center  
  25  4:04  SCV  
  26  4:10  Factory Reactor  
  26  4:12  Refinery  
  26  4:14  Viking  
  28  4:18  SCV  
  29  4:30  SCV  
  30  4:42  SCV, Orbital Command  
  31  4:48  Hellion x2  
  31  4:49  Starport Tech Lab  
  35  4:54  SCV  
  36  5:06  Barracks Reactor, Barracks Tech Lab  
  36  5:07  SCV  
  37  5:08  SCV  
  37  5:09  Liberator  
  41  5:16  Orbital Command  
  41  5:19  SCV  
  42  5:21  SCV  
  42  5:26  Stimpack  
  42  5:27  Hellion x2  
  47  5:29  Marine  
  47  5:33  SCV x2  
  46  5:43  SCV  
  46  5:45  SCV x2  
  46  5:47  Engineering Bay  
  46  5:48  Engineering Bay  
  47  5:57  SCV x3, Supply Depot  
  47  6:01  Marine x3  
  53  6:07  Barracks  
  53  6:09  SCV x2  
  53  6:10  SCV  
  56  6:14  Terran Infantry Weapons Level 1, Terran Infantry Armor Level 1  
  56  6:17  Refinery  
  56  6:18  Refinery  
  56  6:19  Starport Reactor  
  56  6:22  SCV  
  57  6:26  Supply Depot  
  57  6:31  Marine x2, Siege Tank  
  57  6:32  Marine  
  63  6:37  SCV x2  
  62  6:47  Orbital Command  
  62  6:48  Barracks x2  
  62  6:49  SCV x2  
  64  6:55  Marine x3  
  64  6:56  Marine x2  
  64  6:58  Medivac  
  64  6:59  Medivac  
  71  7:02  SCV x2  
  71  7:05  Siege Tank  
  76  7:09  Combat Shield  
  76  7:13  SCV  
  77  7:17  Supply Depot  
  77  7:19  SCV  
  78  7:24  SCV  
  78  7:25  SCV  
  78  7:27  Marine x3  
  78  7:28  Marine x2  
  81  7:31  SCV, Missile Turret  
  81  7:33  Missile Turret  
  81  7:35  Medivac, Missile Turret  
  84  7:38  Barracks Reactor x2  
  84  7:44  Medivac  
  86  7:45  SCV x3  
  86  7:47  Missile Turret  
  86  7:48  Marine  
  86  7:49  Marine  
  86  7:51  Marine  
  92  7:52  Marine  
  93  7:58  Armory, Marine  
  93  8:04  SCV x3  
  97  8:06  Supply Depot  
  97  8:07  Supply Depot  
  97  8:10  Widow Mine  
  97  8:11  Supply Depot  
  99  8:20  Marine  
  99  8:21  Marine  
  99  8:26  Supply Depot, Factory  
  101  8:28  Marine x7  
  101  8:32  Supply Depot  
  101  8:33  Missile Turret  
  108  8:35  Medivac  
  108  8:48  Marine x9  
  96  8:50  Widow Mine  
  96  8:52  SCV x3  
  96  8:53  Terran Infantry Weapons Level 2  
  108  8:57  Terran Infantry Armor Level 2  
  108  9:02  Refinery  
  108  9:06  Drilling Claws, Marine  
  108  9:08  Command Center  
  109  9:12  Medivac x2  
  109  9:15  Factory Reactor  
  109  9:16  Widow Mine  
  115  9:19  Marine x2  
  115  9:20  Marine x5  
  115  9:21  Marine  
  123  9:38  Widow Mine  
  116  9:41  Marauder, Marine x8  
  116  9:45  Medivac x2, Barracks  
  128  9:46  Barracks  
  128  9:47  Barracks  
  128  9:56  Widow Mine x2  
  130  10:02  Marauder, Marine x6  
  130  10:03  Marine x2  
  130  10:05  Concussive Shells  
  140  10:19  Supply Depot x2  
  140  10:20  Marine, Widow Mine x3  
  147  10:21  Supply Depot  
  147  10:24  Marauder  
  147  10:25  Marine x7  
  147  10:27  Supply Depot  
  90  10:35  Medivac  
  153  10:36  Medivac  
  153  10:41  Thor  
  153  10:42  Widow Mine x2  
  161  10:43  SCV x3  
  161  10:44  Barracks Tech Lab x3  
  162  10:53  Marauder  
  164  10:58  Planetary Fortress  
  162  11:05  Medivac  
  162  11:06  Medivac  
  162  11:07  Marauder x2  
  162  11:08  Command Center  
  164  11:13  Marauder  
  164  11:15  Marauder  
  164  11:16  Widow Mine  
  164  11:17  Marine  
  164  11:18  Marine x2  
  155  11:24  Widow Mine  
  135  11:28  Marauder  
  135  11:31  SCV x3, Refinery  
  135  11:32  Refinery  
  140  11:45  Widow Mine  
  140  11:46  Widow Mine  
  129  11:47  Marine x7  
  129  11:48  Marine x2  
  132  12:01  SCV x4  
  132  12:07  Widow Mine  
  137  12:09  Marauder x4, Marine x6  
  137  12:10  Marine  
  152  12:16  Missile Turret x2  
  152  12:21  Factory Reactor  
  146  12:24  Marine  
  146  12:27  Marine x6  
  146  12:29  Widow Mine  
  153  12:30  Planetary Fortress  
  153  12:33  Missile Turret  
  153  12:34  Medivac x2  
  155  12:44  Marauder  
  155  12:57  Marine x2  
Show
View Real Time Build Order
Export as new Build Order

Lambo Zerg - Winner!

Build Orders: Hatch First, Muta Ling Bane 

Get SALT Encoding   

  12  0:01  Drone  
  13  0:12  Overlord  
  13  0:18  Drone  
  14  0:31  Drone x2  
  16  0:49  Hatchery  
  15  0:52  Drone  
  15  0:56  Drone  
  17  0:59  Drone  
  18  1:13  Spawning Pool  
  17  1:18  Drone  
  17  1:19  Drone  
  19  2:00  Zergling x8  
  19  2:01  Queen x2  
  27  2:12  Zergling x2  
  28  2:27  Zergling x2  
  28  2:36  Overlord  
  26  2:38  Drone x2  
  27  2:45  Drone  
  27  2:48  Drone  
  28  2:55  Extractor  
  28  2:56  Drone x3  
  29  3:08  Drone x2  
  31  3:14  Drone x3  
  31  3:16  Overlord  
  33  3:22  Drone  
  34  3:27  Overlord  
  34  3:35  Drone  
  34  3:37  Drone  
  36  3:43  Queen  
  36  3:45  Drone x2  
  36  3:46  Drone x2  
  42  3:54  Hatchery  
  41  3:57  Drone  
  41  4:00  Overlord  
  42  4:04  Drone x2  
  44  4:11  Metabolic Boost  
  44  4:13  Queen  
  44  4:16  Drone  
  47  4:20  Queen  
  49  4:25  Zergling x6  
  49  4:28  Overlord  
  52  4:31  Zergling x2  
  52  4:32  Zergling x2  
  52  4:36  Drone x3  
  57  4:44  Overlord  
  57  4:45  Drone x2  
  57  4:47  Overlord  
  57  4:48  Drone  
  57  4:52  Queen  
  60  4:56  Overlord  
  60  4:58  Drone  
  63  5:00  Drone  
  63  5:02  Overlord  
  63  5:06  Drone x2  
  66  5:07  Drone  
  66  5:13  Lair  
  67  5:14  Drone  
  67  5:18  Drone x2  
  67  5:19  Extractor  
  67  5:20  Extractor  
  68  5:23  Overlord  
  68  5:24  Drone x3  
  73  5:28  Zergling x4  
  73  5:41  Drone x6  
  76  5:46  Spore Crawler x2  
  76  5:47  Drone x3  
  76  5:48  Spore Crawler  
  77  5:50  Drone x2  
  77  5:51  Drone  
  78  6:00  Drone x4  
  78  6:03  Extractor  
  81  6:04  Extractor  
  81  6:05  Drone  
  81  6:06  Baneling Nest  
  81  6:09  Extractor  
  79  6:13  Drone x3, Spire  
  79  6:15  Overseer  
  79  6:17  Overlord  
  81  6:18  Drone  
  81  6:19  Drone  
  81  6:22  Drone  
  81  6:24  Overlord  
  84  6:27  Drone  
  84  6:30  Drone  
  85  6:34  Drone x4  
  88  6:41  Evolution Chamber  
  88  6:43  Hatchery  
  88  6:45  Evolution Chamber  
  84  6:47  Drone x2  
  84  6:50  Drone  
  87  7:00  Centrifical Hooks  
  87  7:01  Zergling x2  
  87  7:02  Zergling x22  
  99  7:10  Zerg Melee Weapons Level 1, Zerg Ground Armor Level 1  
  99  7:14  Overlord  
  97  7:25  Drone x2  
  97  7:29  Mutalisk x6  
  103  7:31  Zerg Flyer Weapons Level 1  
  111  7:38  Mutalisk  
  111  7:42  Overlord  
  113  7:44  Baneling x5  
  113  7:46  Overlord  
  113  7:50  Mutalisk  
  115  7:57  Mutalisk  
  117  8:00  Zergling x26  
  130  8:07  Baneling  
  130  8:08  Baneling x4  
  130  8:14  Baneling x3  
  130  8:18  Drone x10  
  140  8:20  Baneling x4  
  140  8:24  Overlord  
  140  8:26  Overlord  
  140  8:28  Overlord  
  140  8:29  Overlord  
  140  8:30  Overlord  
  140  8:32  Overlord  
  140  8:40  Overlord  
  133  8:42  Drone x2  
  133  8:43  Drone x5  
  133  8:47  Overlord  
  135  8:50  Drone x3  
  135  8:51  Drone x2  
  140  8:55  Pneumatized Carapace  
  140  9:00  Extractor  
  139  9:05  Mutalisk x5  
  139  9:06  Infestation Pit  
  139  9:09  Hatchery  
  147  9:14  Zergling x2  
  147  9:15  Zergling x18  
  157  9:17  Zerg Melee Weapons Level 2  
  157  9:21  Overseer  
  157  9:23  Zerg Ground Armor Level 2  
  157  9:24  Zergling x4  
  157  9:28  Zergling x10  
  162  9:37  Mutalisk x2  
  161  9:39  Zergling x14  
  168  9:51  Zergling x14  
  174  10:00  Overlord  
  174  10:03  Hive  
  174  10:04  Zergling x20  
  174  10:06  Baneling x11  
  184  10:11  Baneling  
  184  10:14  Zergling x6  
  187  10:21  Overlord  
  187  10:24  Overseer  
  187  10:25  Drone x2  
  187  10:27  Overlord  
  189  10:29  Zergling x16  
  195  10:36  Mutalisk  
  195  10:42  Mutalisk  
  198  10:52  Zergling x2  
  198  10:54  Baneling x12  
  199  11:00  Hatchery  
  196  11:04  Zergling x6  
  197  11:12  Zergling x4  
  197  11:15  Zergling x36  
  176  11:19  Zergling x12  
  176  11:24  Zergling x4  
  161  11:26  Adrenal Glands  
  161  11:28  Mutalisk x6  
  161  11:29  Ultralisk Cavern  
  161  11:30  Zergling x2  
  161  11:31  Baneling x4  
  173  11:34  Zergling x6  
  173  11:35  Baneling x4  
  173  11:39  Zergling x4  
  166  11:47  Zergling x14  
  173  11:55  Zergling x18  
  182  12:03  Zergling x10  
  182  12:06  Baneling x9  
  182  12:07  Baneling  
  186  12:10  Extractor  
  186  12:13  Baneling x5  
  186  12:15  Baneling x2  
  185  12:16  Zergling x2  
  185  12:17  Zergling x16  
  194  12:23  Zergling x10  
  194  12:39  Zergling x24  
  192  12:50  Zergling x2  
  192  12:51  Zergling x18  
  199  12:52  Baneling x5  
  199  12:53  Baneling x2  
Tags
 
Add a new tag
Caveats
  • Supply blocks, unpowered buildings, or Contaminate may cause inaccurate times.
  • Supply counts are checked every 10 seconds.